 Dungeon Crawl Stone Soup version 0.23.2-33-g5129a83184 (webtiles) character file.

Game seed: 15487088054595433606

6603 Felnil the Cleaver (level 10, 0/92 HPs)
             Began as a Deep Dwarf Fighter on Aug 4, 2019.
             Was an Elder of Nemelex Xobeh.
             Slain by a nine-headed hydra (11 damage)
             ... on level 1 of the Lair of Beasts.
             The game lasted 00:50:36 (7631 turns).

Felnil the Cleaver (Deep Dwarf Fighter)             Turns: 7631, Time: 00:50:37

Health: 0/92       AC: 14    Str: 23    XL:     10   Next: 71%
Magic:  5/9 (0)    EV: 10    Int: 12    God:    Nemelex Xobeh [****..]
Gold:   472        SH: 11    Dex: 12    Spells: 9/9 levels left

rFire    . . .     SeeInvis .   a - +2 war axe
rCold    . . .     Gourm    .   c - +0 shield
rNeg     . . .     Faith    +   b - +5 scale mail
rPois    .         Spirit   .   w - +0 helmet
rElec    .         Reflect  .   (no cloak)
rCorr    .         Harm     .   (no gloves)
MR       +....                  (no boots)
Stlth    +.........             x - amulet of faith
HPRegen  0.00/turn              A - ring of magical power
MPRegen  0.11/turn              z - +3 ring of intelligence

@: non-regenerating
A: damage resistance, heal wounds, sense surroundings 2, no regeneration
a: Heal Wounds, Draw Escape, Draw Destruction, Draw Summoning, Triple Draw, Deal
Four, Renounce Religion


You were on level 1 of the Lair of Beasts.
You worshipped Nemelex Xobeh.
Nemelex Xobeh was greatly pleased with you.
You were not hungry.

You visited 3 branches of the dungeon, and saw 11 of its levels.

You collected 472 gold pieces.

Inventory:

Hand Weapons
 a - a +2 war axe (weapon)
 d - a +3 scythe of slicing
 l - a +3 quarterstaff of chaos
 m - a +1 mace of holy wrath
 s - a +0 long sword of holy wrath
 C - a +1 dagger of electrocution
 D - a +0 long sword of draining
Armour
 b - a +5 scale mail (worn)
 c - a +0 shield (worn)
 w - a +0 helmet (worn)
Jewellery
 h - an uncursed ring of flight
 j - an uncursed ring of positive energy
 u - an uncursed amulet of magic regeneration
 x - an amulet of faith (around neck)
 z - a +3 ring of intelligence (right hand)
 A - a ring of magical power (left hand)
Wands
 g - a wand of flame (27)
 y - a wand of scattershot (2)
Scrolls
 k - 2 scrolls of blinking
 p - 2 scrolls of teleportation
 r - 4 scrolls of remove curse
 E - a scroll of fear
 G - a scroll of magic mapping
Potions
 e - 6 potions of curing
 i - a potion of lignification
 n - 2 potions of haste
 o - a potion of flight
 q - a potion of agility
 t - a potion of magic
 v - a potion of berserk rage {unknown}
Comestibles
 f - 19 rations


   Skills:
 + Level 6.6 Fighting
 + Level 12.2 Axes
 + Level 7.6 Armour
 + Level 4.0 Dodging
 + Level 2.3 Stealth
 + Level 7.7 Shields


You had 9 spell levels left.
You didn't know any spells.
Your spell library contained the following spells:

 Spells                   Type           Power        Failure   Level  Hunger
 Beastly Appendage        Tmut           #.....       88%         1    ##.....
 Sticks to Snakes         Tmut           #.......     96%         2    ###....
 Spider Form              Tmut/Pois      #.........   99%         3    ####...
 Ice Form                 Ice/Tmut       #.......     100%        4    #####..
 Blade Hands              Tmut           #.........   100%        5    ######.


Dungeon Overview and Level Annotations

Branches:
Dungeon (8/15)             Temple (1/1) D:4            Lair (2/6) D:8
 Spider (0/4) Lair:2
  Swamp: Lair:2-4    Shoals: Lair:2-4

Altars:
Ashenzari
Cheibriados
Dithmenos
Fedhas
Gozag
Hepliaklqana
Kikubaaqudgha
Makhleb
Nemelex Xobeh
Okawaru
Qazlal
Ru
Sif Muna
Trog
Uskayaw
Vehumet
Wu Jian
Xom
Yredelemnul
The Shining One


Innate Abilities, Weirdness & Mutations

You are resistant to damage.
You can heal yourself by infusing magical energy.
You passively map the area around you.
You do not regenerate.


Message History

The hellwing hits your ice beast.
Your basilisk bites the hellwing!
The hellwing dies!
Your yaktaur hits the nine-headed hydra!
You are too injured to fight recklessly!
You draw a card...
You have drawn Pain.
Press: ? - help, Shift-Dir - straight line, f - nine-headed hydra
Aim: a nine-headed hydra (severely wounded)
The nine-headed hydra barely resists.
You block the nine-headed hydra's attack.
The nine-headed hydra bites you but does no damage.
The nine-headed hydra barely misses you.
The nine-headed hydra bites you!
* * * LOW HITPOINT WARNING * * *
The nine-headed hydra barely misses you.
The nine-headed hydra bites you!
* * * LOW HITPOINT WARNING * * *
The nine-headed hydra bites you!
You die...
Your body glows slightly and disappears. #......## ##..##.#)..รท..### ### ##......# #...#..#........# #PP

#.....##
##..####....#...####..
#.....#
#....##...##....#....
##.....#
#.#...#..####..[.....
#.#....# ##.#......#
##....... ##.....#
#...vc....# #.......
#.....# ###..l.YD#.##
##...... ###....#
#....(c@#..# #......
####...# #......#####
##.....
.###..####.....##
##...## ..##..###.....##
#....# ......#......##
###### #....#
......#.....#######..#.#
###..#
...........###.P##.....#
#...##
#..........###.........#
##...#
##.......#.............#
#....


You could see a nine-headed hydra, 2 friendly yaktaurs, a friendly basilisk, a
friendly fire vortex and a friendly ice beast.

Vanquished Creatures
  Pikel (D:5)
  A black mamba (Lair:1)
  6 yaks (Lair:1)
  Sigmund (D:2)
  A spriggan (D:8)
  3 steam dragons
  Menkaure (D:5)
  A sky beast (D:7)
  A porcupine (Lair:1)
  An ice beast (D:5)
  3 ogres
  A phantom (D:7)
  3 centaurs
  2 crocodiles
  A big kobold (D:8)
  3 bullfrogs
  4 scorpions
  12 killer bees (D:8)
  2 crimson imps (D:8)
  A bullfrog zombie (D:8)
  A centaur zombie (D:6)
  3 hounds (D:8)
  3 jellies
  Crazy Yiuf (D:2)
  2 orc priests (D:6)
  A bullfrog skeleton (D:5)
  A centaur skeleton (D:4)
  5 orc wizards
  3 worker ants
  A hound zombie (D:8)
  2 worker ant zombies
  4 gnolls (D:4)
  12 adders
  5 shadow imps
  2 oozes
  4 adder skeletons
  A worm (D:2)
  A dart slug (D:2)
  4 leopard geckos
  18 orcs
  4 giant cockroaches
  8 goblins
  4 hobgoblins
  11 jackals
  4 quokkas
  5 bats
  2 frilled lizards
  A giant cockroach zombie (D:6)
  11 kobolds
  3 leopard gecko skeletons
  A leopard gecko zombie (D:8)
  3 rats
  4 fungi (D:8)
  A plant (Temple)
185 creatures vanquished.

Vanquished Creatures (collateral kills)
  A spiny frog (Lair:1)
  A troll (Lair:1)
  A porcupine (Lair:1)
  2 ogres (D:4)
  A bullfrog (Lair:1)
6 creatures vanquished.

Vanquished Creatures (others)
  A hydra (Lair:1)
  A hound skeleton (D:8)
2 creatures vanquished.

Grand Total: 193 creatures vanquished

Notes
Turn   | Place    | Note
-------+----------+-------------------------------------------
     0 | D:1      | Felnil the Deep Dwarf Fighter began the quest for the Orb.
     0 | D:1      | Reached XP level 1. HP: 20/20 MP: 1/1
   545 | D:1      | Reached XP level 2. HP: 25/27 MP: 2/2
   754 | D:2      | Reached skill level 3 in Axes
   929 | D:2      | Reached XP level 3. HP: 28/34 MP: 3/3
  1249 | D:2      | Found an ornate altar of the Wu Jian Council.
  1549 | D:2      | Found a runed translucent door.
  1550 | D:2      | Noticed Crazy Yiuf
  1561 | D:2      | Noticed Sigmund
  1579 | D:2      | Killed Sigmund
  1579 | D:2      | Reached skill level 4 in Axes
  1579 | D:2      | Reached XP level 4. HP: 40/42 MP: 2/2
  1579 | D:2      | Reached XP level 5. HP: 46/49 MP: 3/3
  1685 | D:2      | Found an iron altar of Okawaru.
  1685 | D:2      | Found a blossoming altar of Fedhas.
  1688 | D:2      | Found an ancient bone altar of Kikubaaqudgha.
  1696 | D:2      | Found a deep blue altar of Sif Muna.
  1696 | D:2      | Found a shattered altar of Ashenzari.
  1697 | D:2      | Found a sparkling altar of Nemelex Xobeh.
  1699 | D:2      | Found a sacrificial altar of Ru.
  1700 | D:2      | Found a radiant altar of Vehumet.
  1701 | D:2      | Found an opulent altar of Gozag.
  1713 | D:2      | Became a worshipper of Nemelex Xobeh the Trickster
  1857 | D:2      | Killed Crazy Yiuf
  1857 | D:2      | Reached skill level 1 in Stealth
  1923 | D:3      | Received a gift from Nemelex Xobeh
  2011 | D:3      | Reached skill level 5 in Axes
  2011 | D:3      | Reached XP level 6. HP: 53/56 MP: 3/3
  2249 | D:3      | Reached skill level 1 in Dodging
  2337 | D:3      | Received a gift from Nemelex Xobeh
  2582 | D:4      | Reached XP level 7. HP: 57/62 MP: 3/3
  2658 | D:4      | Reached * piety under Nemelex Xobeh
  2661 | D:4      | Reached skill level 6 in Axes
  2947 | D:4      | Found a staircase to the Ecumenical Temple.
  2979 | Temple   | Entered the Ecumenical Temple
  3415 | D:4      | Found a blossoming altar of Fedhas.
  3483 | D:5      | Entered Level 5 of the Dungeon
  3483 | D:5      | Noticed Menkaure
  3490 | D:5      | Killed Menkaure
  3490 | D:5      | Reached skill level 5 in Armour
  3731 | D:5      | Noticed Pikel
  3739 | D:5      | Reached skill level 7 in Axes
  3739 | D:5      | Reached skill level 5 in Shields
  3765 | D:5      | Killed Pikel
  3765 | D:5      | Reached skill level 8 in Axes
  3765 | D:5      | Reached XP level 8. HP: 47/72 MP: 3/3
  3777 | D:5      | Reached ** piety under Nemelex Xobeh
  3932 | D:5      | Identified a scroll of acquirement
  4577 | D:6      | Received a gift from Nemelex Xobeh
  4675 | D:6      | Reached skill level 9 in Axes
  4870 | D:6      | Gained mutation: You passively map the area around you.
                  | [Deep Dwarf growth]
  4870 | D:6      | Reached XP level 9. HP: 62/79 MP: 3/3
  5276 | D:7      | Reached skill level 10 in Axes
  5330 | D:7      | Received a gift from Nemelex Xobeh
  5592 | D:8      | Reached skill level 5 in Fighting
  5698 | D:8      | Reached *** piety under Nemelex Xobeh
  5752 | D:8      | Found a staircase to the Lair.
  5765 | D:8      | Received a gift from Nemelex Xobeh
  6040 | D:8      | Reached skill level 11 in Axes
  6146 | D:8      | Reached XP level 10. HP: 76/90 MP: 2/2
  6533 | D:8      | Received a gift from Nemelex Xobeh
  6826 | Lair:1   | Entered Level 1 of the Lair of Beasts
  6999 | Lair:1   | Noticed a black mamba
  7006 | Lair:1   | Killed a black mamba
  7033 | Lair:1   | Received a gift from Nemelex Xobeh
  7039 | Lair:1   | Noticed a spiny frog
  7047 | Lair:1   | Killed a spiny frog
  7073 | Lair:1   | Noticed a seven-headed hydra
  7077 | Lair:1   | Killed a seven-headed hydra
  7077 | Lair:1   | Reached skill level 12 in Axes
  7151 | Lair:1   | Noticed a black mamba
  7152 | Lair:1   | a black mamba changed into a troll
  7213 | Lair:1   | Reached **** piety under Nemelex Xobeh
  7620 | Lair:2   | Noticed an eight-headed hydra
  7620 | Lair:2   | Noticed a six-headed hydra
  7631 | Lair:1   | Slain by a nine-headed hydra

Skill      XL: |  1  2  3  4  5  6  7  8  9 10 |
---------------+-------------------------------+-----
Axes           | 3 4 5 8 9 11 12 | 12.2
Fighting       | 3 4 5 6 |  6.6
Armour         | 4 5 6 7 |  7.6
Shields        | 4 5 7 |  7.7
Stealth        | 1 2 |  2.3
Dodging        | 1 2 3 4 |  4.0

Action                   |  1- 3 |  4- 6 |  7- 9 | 10-12 || total
-------------------------+-------+-------+-------+-------++-------
Melee: War axe           |    79 |   127 |   397 |   106 ||   709
Invok: Deal Four         |       |       |       |     1 ||     1
 Abil: Heal Wounds       |     2 |     4 |    13 |     5 ||    24
       Draw Summoning    |       |     2 |       |     5 ||     7
       Draw Destruction  |       |     1 |     7 |     8 ||    16
  Use: Scroll            |     8 |     3 |    12 |     3 ||    26
       Potion            |     2 |     1 |       |     5 ||     8
 Stab: Invisible         |     1 |       |       |       ||     1
       Distracted        |       |       |       |     1 ||     1
  Eat: Chunk             |     2 |     4 |     5 |     1 ||    12
       Ration            |       |       |     2 |     1 ||     3
Armor: Scale mail        |    27 |    51 |   159 |    49 ||   286
Dodge: Dodged            |    30 |    50 |   138 |    53 ||   271
Block: Shield            |    29 |    77 |   204 |    76 ||   386
